 Dungeon Crawl Stone Soup version 0.31-a0-949-g57150269e1 (webtiles) character file.

Game seed: 12563430564986420887

146 octoduck the Cudgeller (level 5, -4/32 HPs)
             Began as a Gargoyle Monk on Oct 23, 2023.
             Was an Elder of Cheibriados.
             Slain by Blork the orc
             ... wielding a +0 scimitar
              (5 damage)
             ... on level 3 of the Dungeon.
             The game lasted 00:08:38 (2967 turns).

octoduck the Cudgeller (Gargoyle Monk)              Turns: 2967, Time: 00:08:38

Health: -4/32      AC: 10    Str: 26    XL:     5   Next: 28%
Magic:  5/6        EV: 12    Int: 19    God:    Cheibriados [****..]
Gold:   118        SH:  5    Dex: 21    Spells: 4/4 levels left

rFire   . . .        a - +0 mace
rCold   . . .        (no shield)
rNeg    + . .        e - +1 ring mail
rPois   ∞            (no helmet)
rElec   +            (no cloak)
rCorr   .            (no gloves)
SInv    .            (no boots)
Will    .....        f - amulet of reflection
Stlth   +            (no ring)
HPRegen 0.25/turn    (no ring)
MPRegen 0.10/turn

%: reflection
@: studying Dodging, very slow
A: sickness immunity, AC +4, negative energy resistance 1, electricity
resistance, torment resistance 1, petrification resistance
a: Renounce Religion, Bend Time, Temporal Distortion, Slouch


You were on level 3 of the Dungeon.
You worshipped Cheibriados.
Cheibriados was greatly pleased with you.
You visited 1 branch of the dungeon, and saw 4 of its levels.

You collected 118 gold pieces.

Inventory:

Hand Weapons
 a - a +0 mace (weapon)
Missiles
 g - 3 silver javelins
 k - 13 poisoned darts
Armour
 b - a +0 robe
 c - a +0 leather armour
 e - a +1 ring mail (worn)
Jewellery
 f - an amulet of reflection (around neck)
Scrolls
 j - a scroll of amnesia
Potions
 i - 5 potions of brilliance
 l - a potion of might


   Skills:
 - Level 3.2 Fighting
 * Level 5.4 Maces & Flails
 - Level 2.4 Dodging
 + Level 1.8 Invocations


You had 4 spell levels left.
You didn't know any spells.
Your spell library was empty.

Dungeon Overview and Level Annotations

Branches:
Dungeon (4/15)
 Temple: D:4-7

Altars:
Cheibriados
Fedhas

Annotations:
D:3 exclusion: oklob plant, Blork the orc


Innate Abilities, Weirdness & Mutations

You are immune to sickness and miasma.
Your stone body is resilient. (AC +4)
You are immune to poison.
You resist negative energy. (rN+)
You are resistant to electric shocks. (rElec)
You are resistant to unholy torment.
You are immune to petrification.


Message History

Okay, then.
Okay, then.
You fail to use your ability.
Blork the orc gestures at you while chanting.
The puff of frost hits you.
* * * LOW HITPOINT WARNING * * *
The flow of time bends around you.
Cheibriados rebukes Blork the orc.
Blork the orc seems to slow down.
Cheibriados lowers the support of your attributes as your movement quickens.
Blork the orc hits you with a +0 scimitar.
* * * LOW HITPOINT WARNING * * *
You block Blork the orc's attack.
Blork the orc looks angry.
Okay, then.
Blork the orc casts a spell.
Blork the orc seems to speed up.
Blork the orc cheers loudly.
Blork the orc gestures at something while chanting.
You block the puff of frost... and reflect it back!
The puff of frost hits Blork the orc!
You flicker for a moment.
Blork the orc screams, "I'll break your arms!"
You flicker back into view.
Blork the orc hits you with a +0 scimitar.
* * * LOW HITPOINT WARNING * * *
Okay, then.
You aren't carrying any items that you can evoke.
You hit Blork the orc.
Blork the orc is heavily wounded.
Blork the orc hits you with a +0 scimitar.
* * * LOW HITPOINT WARNING * * *
Blork the orc misses you.
You completely miss Blork the orc.
Blork the orc is heavily wounded.
Blork the orc barely misses you.
You barely miss Blork the orc.
Blork the orc is heavily wounded.
Blork the orc hits you with a +0 scimitar.
You die...

#.#.####...##.####.#
#.#........##...##.#
#.#.###....####.##.#
#.#####..<.# #....#
#.......#'## ####o.#
########### #....o#
#.###.# #.###.#
#.@o..#############
####.(......†......
#.##############
#...............
################ #


You could see Blork the orc (fast).

Vanquished Creatures
  4 adders
  6 dart slugs
  7 orcs
  7 ball pythons
  9 endoplasms
  A giant cockroach (D:1)
  6 goblins
  7 hobgoblins
  8 jackals
  5 quokkas
  6 bats
  6 frilled lizards
  5 kobolds
  9 rats
  A spectral hobgoblin (D:1)
87 creatures vanquished.

Notes
Turn   | Place    | Note
-------+----------+-------------------------------------------
     0 | D:1      | octoduck the Gargoyle Monk began the quest for the Orb.
     0 | D:1      | Reached XP level 1. HP: 14/14 MP: 1/1
   154 | D:1      | Reached XP level 2. HP: 11/19 MP: 2/2
   402 | D:1      | Reached skill level 4 in Maces & Flails
   406 | D:1      | Reached XP level 3. HP: 15/23 MP: 3/3
   756 | D:1      | Found a faded altar of an unknown god.
   769 | D:1      | Prayed at the altar of an unknown god.
   769 | D:1      | Became a worshipper of Cheibriados the Contemplative
   769 | D:1      | Reached * piety under Cheibriados
   769 | D:1      | Reached ** piety under Cheibriados
   826 | D:1      | Reached *** piety under Cheibriados
  1238 | D:2      | Reached XP level 4. HP: 28/28 MP: 4/4
  1583 | D:2      | Reached skill level 1 in Invocations
  2034 | D:3      | Reached skill level 5 in Maces & Flails
  2067 | D:3      | Reached **** piety under Cheibriados
  2188 | D:3      | Found a blossoming altar of Fedhas.
  2209 | D:3      | Noticed an oklob plant
  2906 | D:4      | Reached XP level 5. HP: 32/32 MP: 6/6
  2941 | D:4      | Noticed Blork the orc
  2941 | D:4      | Noticed an ogre
  2965 | D:3      | HP: 1/32 [Blork the orc/+0 scimitar (4)]
  2967 | D:3      | Slain by Blork the orc

Illustrated notes

Levels and vault maps discovered:
D:1:      dpeg_arrival_rooms_b, layout_basic,
          dreamdust_ecumenical_altar_drowned_temple, st_stairs_2,
          minmay_pentomino_w4
D:2:      layout_loops_ring, solitary_fountain, kennysheep_generic_room_11
D:3:      layout_basic, tgw_fedhas
D:4:      layout_cave_pools, uniq_blork_the_orc

Skill      XL: |  1  2  3  4 |
---------------+-------------+-----
Maces & Flails | 4 5 |  5.4
Invocations    | 1 |  1.8
Fighting       | |  3.2
Dodging        | |  2.4

Action                     |  1- 3 |  4- 6 || total
---------------------------+-------+-------++-------
  Melee: Mace              |   123 |   125 ||   248
         Punch             |     1 |     1 ||     2
 Invoke: Bend Time         |       |     1 ||     1
    Use: Scroll            |     4 |     5 ||     9
         Potion            |     1 |     1 ||     2
 Armour: Robe              |    18 |       ||    18
         Ring mail         |    67 |    86 ||   153
  Dodge: Dodged            |   108 |   102 ||   210
  Block: Other             |       |    25 ||    25
         Reflection        |       |     1 ||     1

Table legend: (Time is in decaauts)
 A = Elapsed time spent in this place.
 B = Non-inter-level travel time spent in this place.
 C = Inter-level travel time spent in this place.
 D = Time resting spent in this place.
 E = Time spent auto-exploring this place.
 F = Levels seen in this place.
 G = Mean time per level.
                   A        B        C        D        E       F      G
               +--------+--------+--------+--------+--------+-----+--------+
         Total |   4200 |   3946 |    254 |    541 |   2470 |   4 | 1050.0 |
       Dungeon |   4200 |   3946 |    254 |    541 |   2470 |   4 | 1050.0 |
               +--------+--------+--------+--------+--------+-----+--------+

Top non-repeatable levels by time:
     D:3: 1602 daAuts
     D:1: 1376 daAuts
     D:2: 1145 daAuts
     D:4: 76 daAuts
